Map: 2000 애트모스피어 - 래더

Players

DPGZest (Zest) - Winner!

  • Race: Protoss Protoss
  • League: Master

LiquidMaNa (MaNa)

  • Race: Protoss Protoss

VOD

Have the link to the VOD?

Description

Time

  • Played on: Oct. 21, 2021, 7:34 a.m.
  • Length: 13:51
Show
View Real Time Build Order
Export as new Build Order

DPGZest Protoss - Winner!

Build Orders: Oracle Opening 

Get SALT Encoding   

  12  0:00  Probe  
  13  0:12  Probe  
  14  0:18  Pylon  
  14  0:24  Probe (Chrono Boost)  
  15  0:37  Probe (Chrono Boost), Gateway  
  16  0:44  Probe (Chrono Boost)  
  16  0:46  Assimilator  
  17  0:51  Probe  
  17  0:56  Assimilator  
  18  1:03  Probe  
  19  1:10  Gateway  
  19  1:15  Probe  
  20  1:24  Cybernetics Core  
  20  1:27  Probe  
  21  1:35  Pylon  
  22  1:40  Probe  
  22  1:52  Probe  
  23  2:00  Stargate  
  23  2:03  Adept  
  23  2:04  Adept  
  27  2:14  Pylon, Warp Gate  
  27  2:42  Oracle (Chrono Boost)  
  30  2:53  Nexus  
  30  3:01  Probe  
  31  3:09  Oracle (Chrono Boost)  
  34  3:14  Probe  
  35  3:27  Probe, Pylon  
  32  3:43  Probe  
  33  3:49  Twilight Council  
  33  3:50  Gateway  
  33  3:55  Probe  
  30  4:07  Probe (Chrono Boost)  
  30  4:08  Probe (Chrono Boost)  
  30  4:09  Stalker x2  
  37  4:18  Probe (Chrono Boost)  
  37  4:19  Probe (Chrono Boost)  
  37  4:20  Shield Battery  
  37  4:22  Blink (Chrono Boost)  
  37  4:23  Probe (Chrono Boost)  
  37  4:24  Probe (Chrono Boost)  
  40  4:33  Probe x2  
  42  4:45  Stalker  
  42  4:46  Stalker  
  42  4:48  Stalker  
  42  4:51  Probe  
  42  4:52  Probe  
  39  5:23  Stalker x3  
  39  5:24  Probe  
  39  5:25  Probe  
  39  5:27  Assimilator  
  47  5:37  Probe x2  
  49  5:49  Shield Battery, Probe  
  50  5:51  Stalker x2  
  50  5:54  Probe  
  50  5:55  Stalker  
  57  6:01  Probe  
  57  6:02  Pylon  
  58  6:06  Probe  
  58  6:10  Assimilator  
  59  6:13  Robotics Facility, Pylon  
  59  6:23  Gateway  
  59  6:31  Stalker x3  
  65  6:34  Probe  
  65  6:35  Probe  
  67  6:49  Pylon  
  67  6:52  Nexus  
  63  7:04  Stalker x3  
  70  7:15  Observer (Chrono Boost)  
  70  7:16  Probe  
  71  7:24  Probe  
  71  7:27  Forge  
  72  7:31  Stalker x3  
  72  7:34  Probe  
  79  7:39  Probe  
  79  7:42  Observer  
  77  7:46  Probe  
  77  7:51  Probe  
  78  7:58  Probe  
  78  7:59  Stalker x3, Protoss Ground Weapons Level 1 (Chrono Boost)  
  78  8:04  Probe x2  
  87  8:09  Charge  
  87  8:10  Probe  
  87  8:11  Observer  
  88  8:12  Observer  
  88  8:16  Probe  
  88  8:17  Probe  
  90  8:23  Probe  
  90  8:25  Shield Battery  
  90  8:26  Pylon  
  91  8:28  Probe  
  91  8:29  Probe  
  93  8:38  Gateway  
  93  8:40  Gateway  
  93  8:41  Immortal (Chrono Boost)  
  97  8:56  Stalker  
  97  8:57  Stalker  
  92  9:17  Immortal (Chrono Boost)  
  92  9:21  Stalker  
  92  9:22  Stalker x2  
  92  9:23  Probe  
  88  9:30  Observer  
  74  9:42  Stalker  
  74  9:43  Stalker  
  74  9:44  Probe  
  71  9:49  Probe x2  
  73  9:54  Stalker x3  
  73  9:56  Probe  
  73  9:58  Observer  
  80  10:01  Probe x2  
  82  10:15  Probe x2  
  82  10:17  Photon Cannon  
  82  10:20  Probe  
  85  10:22  Sentry x4, Photon Cannon  
  93  10:28  Pylon  
  93  10:34  Pylon  
  93  10:39  Pylon  
  93  10:41  Warp Prism (Chrono Boost)  
  93  10:46  Probe  
  93  10:47  Sentry x2  
  100  10:51  Pylon  
  100  10:58  Stalker x2  
  100  10:59  Stalker  
  100  11:03  Observer  
  106  11:09  Gateway  
  107  11:12  Gateway  
  107  11:14  Sentry, Stalker  
  103  11:42  Observer  
  76  12:39  Nexus  
Show
View Real Time Build Order
Export as new Build Order

LiquidMaNa Protoss 

Build Orders:  

Get SALT Encoding   

  12  0:00  Probe  
  13  0:12  Probe  
  14  0:17  Pylon  
  14  0:24  Probe  
  15  0:35  Gateway  
  15  0:38  Probe (Chrono Boost)  
  16  0:44  Assimilator  
  16  0:47  Probe (Chrono Boost)  
  17  0:53  Probe  
  18  0:59  Assimilator  
  18  1:05  Probe  
  19  1:17  Probe  
  20  1:22  Zealot  
  20  1:25  Cybernetics Core  
  22  1:29  Probe, Pylon  
  23  1:47  Probe  
  24  1:59  Probe  
  25  2:02  Adept  
  27  2:11  Nexus  
  27  2:23  Stargate  
  27  2:31  Shield Battery  
  27  2:38  Stalker  
  27  2:43  Warp Gate  
  29  2:48  Probe  
  28  3:00  Probe  
  29  3:08  Shield Battery  
  28  3:13  Void Ray (Chrono Boost)  
  28  3:21  Pylon  
  28  3:24  Probe  
  28  3:26  Probe  
  32  3:36  Probe (Chrono Boost)  
  32  3:38  Probe (Chrono Boost)  
  33  3:48  Probe (Chrono Boost)  
  34  3:50  Probe (Chrono Boost)  
  34  3:55  Probe (Chrono Boost)  
  35  3:59  Probe  
  35  4:00  Oracle  
  36  4:08  Probe (Chrono Boost)  
  37  4:11  Probe (Chrono Boost)  
  38  4:20  Probe (Chrono Boost)  
  38  4:23  Probe (Chrono Boost)  
  40  4:27  Probe (Chrono Boost)  
  40  4:28  Probe (Chrono Boost)  
  40  4:31  Stalker  
  44  4:34  Probe  
  44  4:38  Probe  
  49  4:48  Twilight Council  
  49  4:49  Gateway  
  49  4:51  Probe x2  
  48  4:57  Stalker  
  48  5:17  Probe  
  48  5:20  Probe  
  49  5:23  Blink (Chrono Boost)  
  49  5:28  Dark Shrine  
  46  5:30  Probe, Forge  
  46  5:32  Probe  
  46  5:33  Gateway  
  46  5:34  Gateway  
  48  5:38  Assimilator  
  48  5:39  Assimilator  
  48  5:42  Probe  
  49  5:43  Shield Battery  
  49  5:46  Probe  
  50  5:50  Stalker  
  50  5:52  Protoss Ground Weapons Level 1  
  50  5:57  Stalker  
  54  6:00  Pylon  
  54  6:05  Pylon  
  54  6:11  Pylon  
  54  6:20  Shield Battery, Stalker x2  
  57  6:34  Stalker x2  
  61  6:45  Stalker, Pylon  
  61  6:46  Stalker  
  65  6:53  Cybernetics Core  
  65  7:05  Dark Templar x2  
  67  7:17  Gateway  
  67  7:19  Gateway  
  67  7:23  Probe x2  
  67  7:47  Stalker x3  
  67  7:48  Probe x2  
  73  7:59  Gateway  
  73  8:09  Protoss Ground Weapons Level 2 (Chrono Boost)  
  73  8:10  Pylon  
  73  8:13  Stalker, Pylon  
  73  8:14  Stalker  
  77  8:20  Nexus  
  77  8:28  Sentry x2  
  77  8:29  Sentry  
  83  8:36  Stalker  
  83  8:37  Stalker  
  83  8:39  Pylon  
  87  8:48  Gateway  
  87  8:52  Dark Templar  
  89  9:01  Stalker x4  
  91  9:22  Stalker x2  
  67  9:39  Stalker x4  
  67  9:44  Stalker  
  69  9:46  Stalker  
  69  9:47  Stalker  
  67  9:54  Gateway  
  67  9:59  Nexus  
  64  10:13  Stalker x2  
  64  10:14  Stalker  
  64  10:16  Stalker x2  
  68  10:23  Stalker  
  68  10:25  Stalker  
  72  10:28  Probe  
  73  10:35  Sentry, Stalker  
  73  10:40  Stalker  
  79  10:45  Pylon  
  79  10:53  Sentry x3  
  85  11:00  Pylon  
  85  11:03  Sentry x2, Pylon  
  89  11:04  Sentry  
  89  11:06  Sentry  
  93  11:21  Stalker x3  
  93  11:46  Stalker x5  
Tags
 
Add a new tag
Caveats
  • Supply blocks, unpowered buildings, or Contaminate may cause inaccurate times.
  • Supply counts are checked every 10 seconds.